 Dungeon Crawl Stone Soup version 0.32-a0-995-gb4a59205af (webtiles) character file.

Game seed: 9176113925321454143

3327 Bediveer the Skirmisher (level 10, 0/65 HPs)
             Began as an Octopode Hunter on Apr 22, 2024.
             Was an Initiate of Gozag.
             Slain by a centaur warrior zombie (4 damage)
             ... on level 7 of the Dungeon.
             The game lasted 00:13:16 (5764 turns).

Bediveer the Skirmisher (Octopode Hunter)           Turns: 5764, Time: 00:13:16

Health: 0/65       AC:  5    Str: 16    XL:     10   Next: 2%
Magic:  10/10      EV: 15    Int: 12    God:    Gozag
Gold:   66         SH:  0    Dex: 22    Spells: 9/9 levels left

rFire   + . .        q - +0 arbalest
rCold   + . .        (shield currently unavailable)
rNeg    + . .        (helmet restricted)
rPois   +            (no amulet)
rElec   .            g - ring of protection from fire
rCorr   .            o - +4 ring of protection
SInv    .            v - +6 ring of strength
Will    +....        x - ring "Cody" {rPois rC+ rN+ Will+ Dex+2}
Stlth   ++++         (no ring)
HPRegen 0.30/turn    (no ring)
MPRegen 0.12/turn    (no ring)
                     (no ring)

%: no passive effects
@: gold aura
A: almost no armour, amphibious, 8 rings, camouflage 1, gelatinous body 1,
(nimble swimmer 1), tentacles
a: Renounce Religion, Potion Petition, Call Merchant, Bribe Branch


You were on level 7 of the Dungeon.
You worshipped Gozag.
Gozag was noncommittal.
You visited 2 branches of the dungeon, and saw 8 of its levels.

You collected 1320 gold pieces.
You spent 624 gold pieces at shops.
You paid 630 gold pieces to Gozag.

Inventory:

Hand Weapons
 a - a +1 shortbow
 q - a +0 arbalest (weapon)
Jewellery
 g - a ring of protection from fire (left tentacle)
 m - an amulet of magic regeneration
 o - a +4 ring of protection (right tentacle)
 v - a +6 ring of strength (on tentacle)
 x - the ring "Cody" (on tentacle) {rPois rC+ rN+ Will+ Dex+2}
   (You bought it in a shop on level 5 of the Dungeon)

   [ring of positive energy]

   Dex+2:     It affects your dexterity (+2).
   rC+:       It protects you from cold.
   rPois:     It protects you from poison.
   rN+:       It protects you from negative energy.
   Will+:     It increases your willpower.
Wands
 c - a wand of flame (15)
Scrolls
 d - 3 scrolls of amnesia
 f - 2 scrolls of teleportation
 n - a scroll of vulnerability
 r - 2 scrolls of enchant armour
 t - a scroll of immolation
 w - a scroll of identify
Potions
 b - a potion of attraction {unknown}
 e - 5 potions of brilliance
 h - 3 potions of curing
 i - a potion of invisibility {unknown}
 j - 3 potions of enlightenment {unknown}
 k - 2 potions of mutation {unknown}
 l - a potion of heal wounds {unknown}
 p - 2 potions of berserk rage {unknown}
 s - a potion of lignification {unknown}
 u - a potion of ambrosia {unknown}


   Skills:
 + Level 4.7 Fighting
 * Level 12.6 Ranged Weapons
 + Level 4.1 Dodging
 + Level 5.3 Stealth


You had 9 spell levels left.
You didn't know any spells.
Your spell library contained the following spells:

 Spells                   Type           Power      Damage    Failure   Level
 Slow                     Hex            0%         N/A       32%         1
 Confusing Touch          Hex            0%         N/A       69%         3
 Vampiric Draining        Necr           0%         2d6       69%         3


Dungeon Overview and Level Annotations

Branches:
Dungeon (7/15)             Temple (1/1) D:5

Altars:
Ashenzari
Cheibriados
Dithmenos
Elyvilon
Fedhas
Gozag
Hepliaklqana
Kikubaaqudgha
Makhleb
Nemelex Xobeh
Okawaru
Qazlal
Sif Muna
Trog
Uskayaw
Vehumet
Wu Jian
Xom
Yredelemnul
Zin

Shops:
D:5 =   D:6 ?


Innate Abilities, Weirdness & Mutations

You cannot wear most types of armour.
You are amphibious.
You can wear up to eight rings at the same time.
Your skin changes colour to match your surroundings (Stealth+).
Your rubbery body absorbs attacks. (AC +1, EV +1)
((You are camouflaged when in or above water. (Stealth+)))
You have tentacles for arms and can constrict up to eight enemies at once.


Message History

You shoot a bolt.
The bolt hits the centaur warrior skeleton!
The centaur warrior skeleton is almost destroyed.
The centaur warrior skeleton hits you but does no damage.
The centaur warrior skeleton barely misses you.
The centaur warrior skeleton hits you.
* * * LOW HITPOINT WARNING * * *
The centaur warrior skeleton completely misses you.
Fire: q) +0 arbalest
Press: ? - help, Shift-Dir - straight line, f/p - centaur warrior skeleton
Aim: a centaur warrior skeleton (almost destroyed, 94% to hit)
You shoot a bolt.
The bolt hits the centaur warrior skeleton!!
You destroy the centaur warrior skeleton!
Your Dodging skill increases to level 4!
Your Stealth skill increases to level 5!
You have reached level 10!
You feel clever.
Unknown command.
Fire: q) +0 arbalest
Press: ? - help, Shift-Dir - straight line, f - centaur warrior zombie
Aim: a centaur warrior zombie (88% to hit)
You shoot a bolt.
The bolt hits the centaur warrior zombie!
The centaur warrior zombie is lightly damaged.
Fire: q) +0 arbalest
Press: ? - help, Shift-Dir - straight line, f/p - centaur warrior zombie
Aim: a centaur warrior zombie (lightly damaged, 88% to hit)
You shoot a bolt.
The bolt hits the centaur warrior zombie!!
The centaur warrior zombie is moderately damaged.
The centaur warrior zombie hits you.
* * * LOW HITPOINT WARNING * * *
The centaur warrior zombie kicks you.
* * * LOW HITPOINT WARNING * * *
The centaur warrior zombie hits you!
* * * LOW HITPOINT WARNING * * *
The centaur warrior zombie kicks you.
You die...
Your body crumbles into a pile of gold.

..# #.. ... .. #.#
#.# ##.## #.#
#.###.(.## #.#
.........# #.#
$$....ß
#.###....####.#
.P.....
#.##.......##.#
...D.Z.
#@#........##<#
.......
#Z$...........# .....
#.#........#### ...
#$#........#
#..###.###.#.#....###
#..............#<#
...........#.####.#
♣♣.###............#
########.######


You could see a centaur warrior zombie.

Vanquished Creatures
  A centaur skeleton (D:7)
  Jeremiah (D:6)
  Grinder (D:6)
  A harpy skeleton (D:7)
  Eustachio (D:4)
  Edmund (D:4)
  A water moccasin (D:6)
  A sky beast (D:6)
  An orc warrior (D:6)
  3 ogres
  A bullfrog (D:6)
  2 scorpions (D:5)
  A gnoll sergeant (D:6)
  3 howler monkeys (D:3)
  2 bombardier beetles (D:3)
  8 hounds
  4 jellies
  3 orc priests
  3 gnoll boudas (D:3)
  4 iguanas
  Natasha (thrice) (D:3)
  3 orc wizards
  A mummy (D:5)
  19 gnolls
  3 shadow imps
  2 white imps (D:6)
  2 dart slugs
  24 orcs
  2 bats (D:1)
  6 endoplasms
  5 giant cockroaches
  6 goblins
  6 hobgoblins
  12 jackals
  6 kobolds
  4 quokkas
  8 ball pythons
  5 frilled lizards
  2 hobgoblin zombies (D:5)
  A kobold zombie (D:5)
  An orc zombie (D:5)
  A rat (D:3)
165 creatures vanquished.

Notes
Turn   | Place    | Note
-------+----------+-------------------------------------------
     0 | D:1      | Bediveer the Octopode Hunter began the quest for the Orb.
     0 | D:1      | Reached XP level 1. HP: 14/14 MP: 1/1
    78 | D:1      | Reached XP level 2. HP: 18/19 MP: 2/2
   262 | D:1      | Reached XP level 3. HP: 25/25 MP: 3/3
   407 | D:1      | Found a faded altar of an unknown god.
  1063 | D:3      | Found a bloodstained altar of Trog.
  1317 | D:3      | Reached skill level 5 in Ranged Weapons
  1317 | D:3      | Reached XP level 4. HP: 30/30 MP: 4/4
  1330 | D:3      | Noticed Natasha
  1334 | D:3      | Killed Natasha
  1416 | D:3      | Reached XP level 5. HP: 36/36 MP: 5/5
  1420 | D:3      | Noticed Natasha
  1434 | D:3      | Killed Natasha
  1435 | D:3      | Reached skill level 6 in Ranged Weapons
  1531 | D:3      | Noticed Natasha
  1535 | D:3      | Killed Natasha
  1756 | D:3      | Reached XP level 6. HP: 42/42 MP: 6/6
  1767 | D:3      | Reached skill level 7 in Ranged Weapons
  1999 | D:3      | Reached XP level 7. HP: 46/46 MP: 7/7
  2020 | D:3      | Reached skill level 8 in Ranged Weapons
  2769 | D:3      | Reached skill level 9 in Ranged Weapons
  2910 | D:4      | Found a hazy altar of Hepliaklqana.
  2910 | D:4      | Found the +7 staff of the Meek {protect, meekguard}
  2933 | D:4      | Reached XP level 8. HP: 52/52 MP: 8/8
  3120 | D:4      | Noticed Eustachio
  3154 | D:4      | Killed Eustachio
  3155 | D:4      | Reached skill level 10 in Ranged Weapons
  3315 | D:4      | Noticed Edmund
  3458 | D:4      | Killed Edmund
  3568 | D:5      | Entered Level 5 of the Dungeon
  3776 | D:5      | Found a staircase to the Ecumenical Temple.
  3866 | Temple   | Entered the Ecumenical Temple
  3874 | Temple   | Became a worshipper of Gozag Ym Sagoz the Greedy
  3944 | D:5      | Reached skill level 11 in Ranged Weapons
  3995 | D:5      | Found an iron altar of Okawaru.
  4163 | D:5      | Identified a scroll of acquirement
  4163 | D:5      | Acquired 642 gold pieces
  4470 | D:5      | Reached XP level 9. HP: 56/56 MP: 9/9
  4587 | D:6      | Found a broken altar of Ashenzari.
  4589 | D:6      | Noticed Grinder
  4591 | D:6      | Saw a vision of the Swamp and the Snake Pit.
  4591 | D:6      | Noticed a black mamba
  4591 | D:6      | Noticed a guardian serpent
  4591 | D:6      | Noticed a five-headed hydra
  4591 | D:6      | Noticed a naga sharpshooter
  4591 | D:6      | Noticed a four-headed hydra
  4591 | D:6      | Noticed a black mamba
  4592 | D:6      | Noticed a naga ritualist
  4592 | D:6      | Noticed an alligator
  4593 | D:6      | Noticed a tyrant leech
  4603 | D:6      | Paralysed by Grinder for 3 turns
  4608 | D:6      | Killed Grinder
  4790 | D:6      | Reached skill level 12 in Ranged Weapons
  4853 | D:6      | Found Rycziaz's Magic Scroll Shop.
  5206 | D:6      | Noticed Jeremiah
  5214 | D:6      | Killed Jeremiah
  5229 | D:6      | Noticed an eleionoma
  5444 | D:5      | Bought the ring "Cody" {rPois rC+ rN+ Will+ Dex+2} for 624
                  | gold pieces
  5763 | D:7      | Reached skill level 5 in Stealth
  5763 | D:7      | Reached XP level 10. HP: 14/65 MP: 10/10
  5764 | D:7      | Slain by a centaur warrior zombie

Illustrated notes

Levels and vault maps discovered:
D:1:      spicycebolla_green_bress_n_ham_2, layout_rooms,
          shapermc_ecumenical_altar_hornbeckon
D:2:      layout_loops_ring
D:3:      lemuel_castle_with_subvaults [lemuel_castle_interior_carwin_3],
          layout_basic, mainiacjoe_overflow_paths, minmay_ruptured, uniq_natasha
D:4:      layout_rooms, nicolae_hepliaklqana_hazy_memory, uniq_eustachio,
          uniq_edmund
D:5:      layout_loops_ring, lemuel_crystal_altar,
          minmay_temple_entry_drinking_statues, minmay_mini_ossuary
D:6:      layout_basic, grunt_ashenzari_visionary
          [grunt_ashenzari_visionary_swamp, grunt_ashenzari_visionary_snake],
          serial_shops, shop, uniq_jeremiah, uniq_grinder
D:7:      cheibrodos_grave_circle, layout_loops_ring,
          mainiacjoe_overflow_six_doors_small,
          mainiacjoe_overflow_surrounded_room, serial_demonic, serial_demonic_a,
          serial_demonic_a, serial_demonic_a, serial_demonic_a,
          serial_bayou_lagoon_a, dilly_guarded_unrand_morg, uniq_duvessa
Temple:   nicolae_temple_x_marks_the_god

Skill      XL: |  1  2  3  4  5  6  7  8  9 |
---------------+----------------------------+-----
Ranged Weapons | 5 6 7 9 11 12 | 12.6
Fighting       | 3 4 |  4.7
Stealth        | 5 |  5.3
Dodging        | 4 |  4.1

Action                     |  1- 3 |  4- 6 |  7- 9 | 10-12 || total
---------------------------+-------+-------+-------+-------++-------
   Fire: Shortbow          |   124 |   194 |   154 |       ||   472
         Arbalest          |       |       |   219 |     2 ||   221
 Invoke: Call Merchant     |       |       |     1 |       ||     1
  Evoke: Wand              |       |     1 |       |       ||     1
    Use: Scroll            |     6 |       |    10 |       ||    16
         Potion            |       |       |     1 |       ||     1
 Armour: Skin              |    25 |    22 |   109 |     4 ||   160
  Dodge: Dodged            |    48 |    27 |    94 |       ||   169

Table legend: (Time is in decaauts)
 A = Elapsed time spent in this place.
 B = Non-inter-level travel time spent in this place.
 C = Inter-level travel time spent in this place.
 D = Time resting spent in this place.
 E = Time spent auto-exploring this place.
 F = Levels seen in this place.
 G = Mean time per level.
                   A        B        C        D        E       F      G
               +--------+--------+--------+--------+--------+-----+--------+
         Total |   5870 |   5505 |    365 |     92 |   4237 |   8 |  733.8 |
       Dungeon |   5853 |   5503 |    350 |     92 |   4237 |   7 |  836.1 |
        Temple |     16 |      2 |     14 |      0 |      0 |   1 |   16.0 |
               +--------+--------+--------+--------+--------+-----+--------+

Top non-repeatable levels by time:
     D:3: 1801 daAuts
     D:6: 1147 daAuts
     D:5: 1028 daAuts
     D:4: 743 daAuts
     D:2: 558 daAuts
     D:1: 520 daAuts
     D:7: 53 daAuts
  Temple: 16 daAuts
